 Dungeon Crawl Stone Soup version 0.30-a0-1164-ge08a67761e (webtiles) character file.

Game seed: 11292732569908045175

922 GloriousHammer the Shield-Bearer (level 8, 0/93 HPs)
             Began as a Human Wanderer on Apr 29, 2023.
             Was a Believer of Trog.
             Succumbed to a gnoll sergeant's poison
             ... on level 6 of the Dungeon.
             The game lasted 00:09:37 (4953 turns).

GloriousHammer the Shield-Bearer (Human Wanderer)   Turns: 4953, Time: 00:09:38

Health: 0/93       AC: 14    Str: 18    XL:     8   Next: 31%
Magic:  8/8        EV:  7    Int: 11    God:    Trog [**....]
Gold:   263        SH:  6    Dex: 17    Spells: 7/7 levels left

rFire   . . .        A - +0 broad axe
rCold   . . .        c - +0 buckler
rNeg    . . .        b - +0 chain mail
rPois   .            w - +0 helmet
rElec   .            x - +0 cloak
rCorr   .            C - +0 pair of gloves
SInv    .            n - +0 pair of boots
Will    .....        (no amulet) Stlth
                     S - +6 ring of strength
HPRegen 0.35/turn    (no ring)
MPRegen 0.11/turn

%: no passive effects
@: berserking, lethally poisoned (0 -> -7), very quick
A: no striking features
a: Renounce Religion, Berserk, Trog's Hand


You were on level 6 of the Dungeon.
You worshipped Trog.
Trog was pleased with you.
You visited 2 branches of the dungeon, and saw 7 of its levels.

You collected 263 gold pieces.

Inventory:

Hand Weapons
 A - a +0 broad axe (weapon)
Missiles
 e - 4 boomerangs (quivered)
Armour
 b - a +0 chain mail (worn)
 c - a +0 buckler (worn)
 n - a +0 pair of boots (worn)
 w - a +0 helmet (worn)
 x - a +0 cloak (worn)
 C - a +0 pair of gloves (worn)
Jewellery
 R - a ring of resist corrosion
 S - a +6 ring of strength (left hand)
Scrolls
 d - a scroll of fog
 f - 3 scrolls of teleportation {unknown}
 g - a scroll of poison {unknown}
 h - a scroll of immolation {unknown}
 k - 2 scrolls of fear {unknown}
 l - 5 scrolls of identify {unknown}
 m - a scroll of noise {unknown}
 o - a scroll of magic mapping {unknown}
 v - a scroll of enchant weapon {unknown}
 y - a scroll of acquirement {unknown}
 z - a scroll of vulnerability {unknown}
Potions
 i - 2 potions of haste {unknown}
 j - 2 potions of flight {unknown}
 p - a potion of resistance {unknown}
 q - a potion of mutation {unknown}
 r - a potion of heal wounds {unknown}
 s - a potion of berserk rage {unknown}
 t - 2 potions of lignification {unknown}
 u - a potion of degeneration {unknown}
 B - a potion of curing {unknown}


   Skills:
 + Level 5.1 Fighting
 - Level 3.4 Long Blades
 + Level 3.4 Axes
 - Level 1.0 Throwing
 - Level 4.0 Armour
 + Level 5.9 Shields


You had 7 spell levels left.
You didn't know any spells.
Your spell library contained the following spells:

 Spells                   Type           Power      Damage    Failure   Level
 Kiss of Death            Conj/Necr      0%         2d5       98%         1
 Sandblast                Erth           0%         2d4       98%         1
 Slow                     Hex            0%         N/A       98%         1
 Sting                    Tmut/Pois      0%         1d3       98%         1
 Passwall                 Tmut/Erth      0%         N/A       99%         2
 Poisonous Vapours        Pois/Air       0%         N/A       99%         2
 Confusing Touch          Hex            0%         N/A       100%        3
 Mephitic Cloud           Conj/Pois/Air  0%         N/A       100%        3
 Portal Projectile        Hex/Tloc       0%         N/A       100%        3
 Stone Arrow              Conj/Erth      0%         3d7       100%        3
 Tukima's Dance           Hex            0%         N/A       100%        3
 Vampiric Draining        Necr           0%         2d6       100%        3
 Dispel Undead            Necr           0%         3d6       100%        4
 Olgreb's Toxic Radiance  Pois           0%         N/A       100%        4
 Summon Lightning Spire   Summ/Air       0%         N/A       100%        4
 Blade Hands              Tmut           0%         N/A       100%        5
 Freezing Cloud           Conj/Ice/Air   0%         6-21      100%        5
 Simulacrum               Ice/Necr       0%         N/A       100%        6
 Ozocubu's Refrigeration  Ice            0%         4d7       100%        7
 Storm Form               Tmut/Air       0%         N/A       100%        7
 Maxwell's Capacitive Co  Air            0%         ∞         100%        8
 Polar Vortex             Ice            0%         N/A       100%        9


Dungeon Overview and Level Annotations

Branches:
Dungeon (6/15)             Temple (1/1) D:5

Altars:
Ashenzari
Dithmenos
Fedhas
Hepliaklqana
Kikubaaqudgha
Nemelex Xobeh
Okawaru
Qazlal
Ru
Sif Muna
Trog
Uskayaw
Vehumet
Wu Jian
Xom
Yredelemnul
Zin
The Shining One

Shops:
D:2 (

Annotations:
D:5 exclusion: downstairs


Message History

You closely miss the wight.
The wight is heavily damaged.
You block the wight's attack.
You hit the wight.
The wight is almost destroyed.
The wight hits you with a +2 long sword of freezing!
You feel drained. The wight freezes you. The wight closely misses you.
You closely miss the wight.
The wight is almost destroyed.
The wight hits you but does no damage.
Unknown command.
You barely miss the wight.
The wight is almost destroyed.
The wight hits you with a +2 long sword of freezing.
The wight freezes you.
You hit the wight but do no damage.
The wight is almost destroyed.
The wight hits you with a +2 long sword of freezing.
The wight freezes you. You block the wight's attack.
You hit the wight but do no damage.
The wight is almost destroyed.
The wight closely misses you.
Unknown command.
You slash the wight!
You destroy the wight!
Trog accepts your kill.
Your life force feels restored.
Items here: )) [[.
Okay, then.
You start resting.
A gnoll is nearby!
The gnoll shouts!
The gnoll sergeant shouts!
The gnoll shouts!
The gnoll hits you but does no damage. You block the gnoll's attack.
You block the gnoll sergeant's attack.
You barely miss the gnoll. The gnoll hits you but does no damage.
The gnoll sergeant hits you from afar with a +2 spear of venom!
You are poisoned.
The gnoll shouts!
You hit the gnoll.
The gnoll is lightly wounded.
You feel very sick. You block the gnoll's attack.
The gnoll sergeant hits you but does no damage. x2
You are more poisoned.
The gnoll barely misses you.
A red film seems to cover your vision as you go berserk!
You feel yourself moving faster!
You feel mighty!
You feel very sick. The gnoll hits you but does no damage.
The gnoll sergeant hits you from afar with a +2 spear of venom!
You are more poisoned.
You barely miss the gnoll.
The gnoll is lightly wounded.
You feel extremely sick. You block the gnoll's attack.
The gnoll sergeant hits you from afar with a +2 spear of venom.
* * * LOW HITPOINT WARNING * * *
You are lethally poisoned!
You slash the gnoll!
The gnoll is severely wounded.
* * * LOW HITPOINT WARNING * * *
You feel extremely sick. The gnoll hits you with a +0 spear.
* * * LOW HITPOINT WARNING * * *
You block the gnoll sergeant's attack.
You slash the gnoll!
You kill the gnoll!
Trog accepts your kill.
* * * LOW HITPOINT WARNING * * *
You feel very sick. You block the gnoll sergeant's attack.
Unknown command.
Unknown command.
* * * LOW HITPOINT WARNING * * *
You feel very sick. You block the gnoll's attack. The gnoll barely misses you.
You block the gnoll sergeant's attack.
Things that are here:
a +0 spear; a gnoll corpse You hit the gnoll sergeant.
The gnoll sergeant is lightly wounded.
* * * LOW HITPOINT WARNING * * *
You feel very sick. The gnoll hits you but does no damage.
The gnoll barely misses you. You block the gnoll sergeant's attack.
You slice the gnoll sergeant!!
The gnoll sergeant is almost dead.
* * * LOW HITPOINT WARNING * * *
You feel very sick.
The gnoll hits you but does no damage. x2
You block the gnoll sergeant's attack.
You slash the gnoll sergeant!
You kill the gnoll sergeant!
Trog accepts your kill.
* * * LOW HITPOINT WARNING * * *
You feel sick.
Your Fighting skill increases to level 5!
You die...

). #.#.... ..
.###.#..##z. #..
.......... #..# #.....##
... .. #..# #g.....#...
... ..##..# #gg........
.... #.##..# #)##....#.#
.....#.##..# #)# ..#....
...#.##..####@# ..# ...
.............# (.# .
######.##..####.##..#
#...................#
#######.##..####)##..#
.....................#
#####.#.##.#####.###...#
........##.# #.# ##
#####.####.# ###


You could see 3 gnolls.

Vanquished Creatures
  A water moccasin (D:5)
  An ogre (D:6)
  A black bear (D:5)
  A gnoll sergeant (D:6)
  2 wights (D:6)
  2 hounds
  A jelly (D:5)
  4 iguanas
  3 sleepcaps (D:5)
  An orc wizard (D:4)
  5 gnolls
  4 adders
  3 ufetubi (D:5)
  3 worms
  2 dart slugs
  5 orcs
  9 endoplasms
  3 giant cockroaches
  5 goblins
  5 hobgoblins
  3 jackals (D:4)
  5 kobolds
  3 quokkas
  7 ball pythons
  2 bats
  2 frilled lizards (D:1)
  5 rats
88 creatures vanquished.

Notes
Turn   | Place    | Note
-------+----------+-------------------------------------------
     0 | D:1      | GloriousHammer the Human Wanderer began the quest for the
                  | Orb.
     0 | D:1      | GloriousHammer set off with the following items: a +0
                  | falchion, a +0 chain mail, a +0 buckler, a scroll of fog.
     0 | D:1      | Reached XP level 1. HP: 16/16 MP: 1/1
   125 | D:1      | Reached XP level 2. HP: 21/22 MP: 2/2
   388 | D:1      | Reached XP level 3. HP: 25/27 MP: 3/3
   953 | D:2      | Found Icapeyru's Weapon Emporium.
  1308 | D:2      | Reached XP level 4. HP: 33/33 MP: 4/4
  1571 | D:2      | Found a faded altar of an unknown god.
  1818 | D:2      | Prayed at the altar of an unknown god.
  1818 | D:2      | Became a worshipper of Trog the Wrathful
  1818 | D:2      | Reached * piety under Trog
  1961 | D:3      | Reached XP level 5. HP: 38/38 MP: 5/5
  2741 | D:4      | Reached ** piety under Trog
  2904 | D:4      | Reached XP level 6. HP: 46/46 MP: 6/6
  3027 | D:4      | Found a sacrificial altar of Ru.
  3116 | D:4      | Found a shimmering altar of Xom.
  3119 | D:4      | Found a bloodstained altar of Trog.
  3122 | D:4      | Found a basalt altar of Yredelemnul.
  3125 | D:4      | Found a broken altar of Ashenzari.
  3128 | D:4      | Found a hide-covered altar of Uskayaw.
  3129 | D:4      | Found an ancient bone altar of Kikubaaqudgha.
  3204 | D:5      | Entered Level 5 of the Dungeon
  3694 | D:5      | Noticed a water moccasin
  3706 | D:5      | Killed a water moccasin
  3707 | D:5      | Reached skill level 1 in Axes
  3707 | D:5      | Reached skill level 5 in Shields
  3707 | D:5      | Reached XP level 7. HP: 38/53 MP: 7/7
  3824 | D:5      | Found a staircase to the Ecumenical Temple.
  3834 | Temple   | Entered the Ecumenical Temple
  4660 | D:6      | Reached XP level 8. HP: 46/61 MP: 8/8
  4951 | D:6      | HP: 3/91 [poisoned by a gnoll sergeant]
  4952 | D:6      | HP: 1/91 [poisoned by a gnoll sergeant]
  4953 | D:6      | Reached skill level 5 in Fighting
  4953 | D:6      | Succumbed to a gnoll sergeant's poison

Illustrated notes

Levels and vault maps discovered:
D:1:      scummos_arrival_simple_fountains, layout_loops_ring,
          minmay_pentomino_z2
D:2:      layout_loops_ring, shapermc_ecumenical_altar_pompeii, serial_shops,
          shop
D:3:      layout_basic
D:4:      layout_rooms, nicolae_ru_the_path_less_chosen, minitemple,
          minmay_misc_feat_enclosed
D:5:      layout_basic, temple_statues
D:6:      layout_basic
Temple:   chequers_temple_sunken

Skill      XL: |  1  2  3  4  5  6  7  8 |
---------------+-------------------------+-----
Long Blades    | 2 3 |  3.4
Shields        | 3 4 5 |  5.9
Fighting       | 3 4 5 |  5.1
Axes           | 1 2 3 |  3.4
Throwing       | |  1.0
Armour         | |  4.0

Action                     |  1- 3 |  4- 6 |  7- 9 || total
---------------------------+-------+-------+-------++-------
  Melee: Falchion          |    93 |   195 |    45 ||   333
         Broad axe         |       |       |    24 ||    24
  Throw: Boomerang         |       |     5 |     4 ||     9
 Invoke: Berserk           |       |     3 |     5 ||     8
 Armour: Chain mail        |    50 |   115 |    41 ||   206
  Dodge: Dodged            |    22 |    78 |    22 ||   122
  Block: Buckler           |    15 |    61 |    25 ||   101

Table legend: (Time is in decaauts)
 A = Elapsed time spent in this place.
 B = Non-inter-level travel time spent in this place.
 C = Inter-level travel time spent in this place.
 D = Time resting spent in this place.
 E = Time spent auto-exploring this place.
 F = Levels seen in this place.
 G = Mean time per level.
                   A        B        C        D        E       F      G
               +--------+--------+--------+--------+--------+-----+--------+
         Total |   5123 |   4822 |    301 |   1170 |   2646 |   7 |  731.9 |
       Dungeon |   4903 |   4606 |    297 |   1170 |   2437 |   6 |  817.2 |
        Temple |    219 |    215 |      4 |      0 |    209 |   1 |  219.0 |
               +--------+--------+--------+--------+--------+-----+--------+

Top non-repeatable levels by time:
     D:5: 1324 daAuts
     D:2: 1155 daAuts
     D:3: 809 daAuts
     D:1: 732 daAuts
     D:4: 562 daAuts
     D:6: 320 daAuts
  Temple: 219 daAuts
